 Dungeon Crawl Stone Soup version 0.18-a0-1577-gf591c28 (webtiles) character file.

17365 Ijustatesigmund the Covert (level 12, 0/82 HPs)
             Began as an Octopode Assassin on Mar 22, 2016.
             Was a High Priest of Cheibriados.
             Slain by an eight-headed hydra (18 damage)
             ... on level 2 of the Lair of Beasts.
             The game lasted 01:02:26 (15226 turns).

Ijustatesigmund the Covert (Octopode Assassin)     Turns: 15226, Time: 01:02:26

Health: 0/82       AC:  1    Str: 23    XL:     12   Next: 47%
Magic:  11/19      EV: 25    Int: 26    God:    Cheibriados [*****.]
Gold:   188        SH:  6    Dex: 29    Spells: 1 memorised, 13 levels left

rFire  + + .     SeeInvis .     G - +3 short sword
rCold  . . .     Gourm    .     (no shield)
rNeg   . . .     Faith    .     (helmet restricted)
rPois  .         Spirit   .     e - +6 amulet of reflection
rElec  .         Dismiss  .     h - +3 ring of evasion
rCorr  .         Reflect  +     O - ring of protection from fire
SustAt .         Harm     .     Q - ring of protection from fire
MR     .....                    (no ring)
Stlth  +++++++...               (no ring)
                                (no ring)
                                (no ring)
                                (no ring)

@: very slow, not resistant to hostile enchantments, extremely stealthy
A: almost no armour, amphibious, 8 rings, constrict 8, camouflage 1, gelatinous
body 1
a: Bend Time, Temporal Distortion, Slouch, Step From Time, Renounce Religion


You were on level 2 of the Lair of Beasts.
You worshipped Cheibriados.
Cheibriados was extremely pleased with you.
You were not hungry.

You visited 3 branches of the dungeon, and saw 15 of its levels.

You collected 602 gold pieces.
You spent 414 gold pieces at shops.

Inventory:

Hand Weapons
 a - a +4 vampiric dagger
 b - a +2 blowgun
 G - a +3 short sword (weapon)
Missiles
 c - 49 poisoned needles
 s - 2 throwing nets (quivered)
 v - 6 needles of sleeping
 M - 5 tomahawks
 S - 8 curare-tipped needles
Jewellery
 e - a +6 amulet of reflection (around mantle)
 h - a +3 ring of evasion (left tentacle)
 O - a ring of protection from fire (right tentacle)
 P - an uncursed amulet of magic regeneration {unknown}
 Q - a ring of protection from fire (on tentacle)
 U - an uncursed amulet of regeneration {unknown}
Wands
 g - a wand of flame (21/48)
 i - a wand of paralysis (8/24)
 q - a wand of flame (38/48)
 x - a wand of enslavement (15/24)
 y - a wand of iceblast (2/15)
 A - a wand of slowing (33/48)
 D - a wand of disintegration (13/24)
 E - a wand of slowing (17/48)
 J - a wand of enslavement (8/24)
 N - a wand of flame (20/48)
Scrolls
 j - 4 scrolls of enchant armour
 m - 7 scrolls of remove curse
 r - a scroll of immolation
 z - 3 scrolls of magic mapping
 I - 3 scrolls of blinking
 L - a scroll of recharging
 R - 3 scrolls of teleportation
 W - a scroll of amnesia
Potions
 n - 3 potions of flight
 o - a potion of mutation
 t - 2 potions of lignification
 u - 2 potions of brilliance
 w - a potion of curing
 B - a potion of heal wounds
 C - a potion of ambrosia
 F - a potion of haste {unknown}
 H - 2 potions of magic {unknown}
 V - a potion of agility
Books
 d - a book of Dreams

   Spells                             Type                      Level
   a - Ensorcelled Hibernation        Hexes/Ice                    2
   b - Silence                        Hexes/Air                    5
   c - Darkness                       Hexes                        6
   d - Shadow Creatures               Summoning                    6
 p - a book of Transfigurations

   Spells                             Type                      Level
   a - Irradiate                      Conjuration/Transmutation    5
   b - Statue Form                    Transmutation/Earth          6
   c - Hydra Form                     Transmutation                6
   d - Dragon Form                    Transmutation                7
Comestibles
 f - 10 bread rations
 k - 5 slices of pizza
 l - 3 meat rations
 K - 22 fruits
 T - a beef jerky


   Skills:
 + Level 8.0 Fighting
 - Level 8.0 Short Blades
 - Level 5.4 Throwing
 + Level 8.0 Dodging
 - Level 11.0 Stealth
 - Level 2.2 Spellcasting
 - Level 4.2 Hexes
 - Level 4.0 Ice Magic
 + Level 9.6 Invocations
 - Level 6.1 Evocations


You had 13 spell levels left.
You knew the following spells:

 Your Spells              Type           Power        Failure   Level  Hunger
a - Ensorcelled Hibernat  Hex/Ice        ###...       2%          2    ##.....


Dungeon Overview and Level Annotations

Branches:
Dungeon (12/15)            Temple (1/1) D:7            Lair (2/8) D:10
    Orc (0/2) D:9

Altars:
Ashenzari
Cheibriados
Dithmenos
Elyvilon
Fedhas
Gozag
Kikubaaqudgha
Makhleb
Nemelex Xobeh
Okawaru
Pakellas
Qazlal
Ru
Sif Muna
Trog
Vehumet
Xom
Yredelemnul
Zin
The Shining One

Shops:
D:8 *   D:11 ?

Annotations:
D:3 Liam's ghost, amateur HEWz


Innate Abilities, Weirdness & Mutations

You cannot wear most types of armour.
You are amphibious.
You can wear up to eight rings at the same time.
You can use your tentacles to constrict eight enemies at once.
Your skin changes colour to match your surroundings (Stealth).
Your rubbery body absorbs attacks (AC +1).


Message History

Aiming: Ensorcelled Hibernation
Press: ? - help, Shift-Dir - straight line, f - eight-headed hydra, p - blink frog
Aim: an eight-headed hydra (chance to defeat MR: 21%)
The eight-headed hydra resists with almost no effort.
The blink frog blinks!
Casting: Ensorcelled Hibernation
Confirm with . or Enter, or press ? or * to list all spells.
Aiming: Ensorcelled Hibernation
Press: ? - help, Shift-Dir - straight line, f/p - eight-headed hydra
Aim: an eight-headed hydra (chance to defeat MR: 21%)
The eight-headed hydra resists with almost no effort.
The eight-headed hydra barely misses you.
The eight-headed hydra bites you! x3
* * * LOW HITPOINT WARNING * * *
The eight-headed hydra barely misses you.
The eight-headed hydra bites you.
* * * LOW HITPOINT WARNING * * *
You block the eight-headed hydra's attack.
The eight-headed hydra bites you!!
You die...

#### . ######..## .§..
## ##...#(...##..... .#
#....P.§@D...# .###
#####...........#
.#.###.#........F..##.#
..#........#.P##...# ..
.....##......##.....# .
....###P......#######
...............#
...#.#P#.##..(.#
.#P#####.......#


You could see an eight-headed hydra and a blink frog.

Vanquished Creatures
  A hydra (Lair:2)
  Sonja (D:10)
  Pikel (D:7)
  Joseph (D:8)
  A black mamba (Lair:2)
  Psyche (D:8)
  3 elephants (Lair:1)
  A spiny frog (Lair:1)
  A kobold demonologist (D:10)
  2 trolls (D:9)
  A polar bear (D:10)
  12 blink frogs (Lair:2)
  A spriggan (Lair:1)
  9 yaks
  2 basilisks
  3 hippogriffs
  2 hungry ghosts
  A vampire mosquito (D:12)
  Menkaure (D:6)
  A soldier ant (D:10)
  4 porcupines
  An orc warrior (D:8)
  3 sky beasts
  2 slaves (D:7)
  3 ice beasts
  A necrophage (D:9)
  5 ogres
  A phantom (D:9)
  14 centaurs
  10 crocodiles
  A big kobold (D:11)
  7 giant frogs
  A gnoll sergeant (D:11)
  A water moccasin zombie (D:8)
  2 scorpions
  3 killer bees (D:10)
  3 electric eels (D:10)
  3 crimson imps
  3 giant frog zombies
  3 jellies
  2 centaur zombies
  6 orc priests
  11 orc wizards
  4 giant frog skeletons
  4 hounds
  4 centaur skeletons
  5 iguanas
  A hell rat (D:6)
  3 worker ants
  11 sheep (D:10)
  2 giant frog simulacra (D:10)
  4 hound zombies
  A hound skeleton (D:9)
  14 gnolls
  10 adders
  6 river rats
  A shadow imp (D:5)
  4 white imps (D:10)
  2 ufetubi (D:10)
  An ooze (D:5)
  2 adder skeletons
  An adder zombie (D:5)
  5 worms
  A dart slug (D:3)
  7 giant geckos
  43 orcs
  A giant cockroach (D:7)
  12 goblins
  7 hobgoblins
  12 jackals
  4 quokkas
  A ball python skeleton (D:4)
  A ball python zombie (D:6)
  7 bats
  A giant cockroach zombie (D:5)
  2 giant newts
  13 kobolds
  26 rats
359 creatures vanquished.

Vanquished Creatures (collateral kills)
  A killer bee (D:10)
  A gnoll shaman (D:10)
2 creatures vanquished.

Vanquished Creatures (others)
  A centaur (D:5)
  A giant frog skeleton (D:7)
  A river rat (D:10)
  A worker ant (D:7)
  A gnoll (D:7)
  2 orcs
  2 hobgoblins (D:7)
  A kobold (D:7)
  2 fungi (D:10)
  8 plants
20 creatures vanquished.

Grand Total: 381 creatures vanquished

Notes
Turn   | Place    | Note
--------------------------------------------------------------
     0 | D:1      | Ijustatesigmund the Octopode Assassin began the quest for the Orb.
     0 | D:1      | Reached XP level 1. HP: 14/14 MP: 1/1
   205 | D:1      | Reached XP level 2. HP: 18/20 MP: 2/2
   643 | D:2      | Reached XP level 3. HP: 16/25 MP: 3/3
   831 | D:2      | Found a faded altar to an unknown god.
  1410 | D:3      | Noticed Liam's ghost (amateur HEWz)
  1579 | D:4      | Reached XP level 4. HP: 31/31 MP: 4/4
  1629 | D:4      | Reached XP level 5. HP: 34/36 MP: 5/5
  2023 | D:4      | Noticed an ogre
  2037 | D:4      | Killed an ogre
  2037 | D:4      | Reached XP level 6. HP: 25/43 MP: 6/6
  2667 | D:3      | Reached XP level 7. HP: 37/49 MP: 7/7
  2753 | D:3      | Found a shattered altar of Ashenzari.
  2753 | D:3      | Found an iron altar of Okawaru.
  2753 | D:3      | Found a sacrificial altar of Ru.
  2753 | D:3      | Found a bloodstained altar of Trog.
  2783 | D:3      | Reached skill level 6 in Stealth
  3117 | D:3      | Found a basalt altar of Yredelemnul.
  3117 | D:3      | Found an oddly glowing altar of Pakellas.
  3343 | D:5      | Entered Level 5 of the Dungeon
  3419 | D:5      | Found a white marble altar of Elyvilon.
  3627 | D:5      | Reached skill level 5 in Short Blades
  3641 | D:5      | Found a radiant altar of Vehumet.
  3955 | D:5      | Reached skill level 5 in Fighting
  3973 | D:5      | Reached skill level 7 in Stealth
  4033 | D:5      | Reached XP level 8. HP: 50/55 MP: 8/8
  4372 | D:6      | Found an opulent altar of Gozag.
  4440 | D:6      | Reached skill level 5 in Throwing
  4450 | D:6      | Noticed Menkaure
  4457 | D:6      | Killed Menkaure
  4457 | D:6      | Reached skill level 8 in Stealth
  5185 | D:6      | Reached skill level 5 in Dodging
  5248 | D:6      | Learned a level 2 spell: Ensorcelled Hibernation
  5367 | D:6      | Reached skill level 1 in Hexes
  5577 | D:7      | Reached skill level 1 in Ice Magic
  5577 | D:7      | Reached XP level 9. HP: 61/61 MP: 9/9
  5794 | D:7      | Noticed Pikel
  5828 | D:7      | Killed Pikel
  5981 | D:7      | Found a staircase to the Ecumenical Temple.
  6104 | Temple   | Entered the Ecumenical Temple
  6758 | D:7      | Found a snail-covered altar of Cheibriados.
  6762 | D:7      | Found a shadowy altar of Dithmenos.
  6775 | D:7      | Became a worshipper of Cheibriados the Contemplative
  6827 | D:7      | Found a glowing silver altar of Zin.
  7059 | D:8      | Found a glowing golden altar of the Shining One.
  7063 | D:8      | Noticed Joseph
  7115 | D:8      | Killed Joseph
  7542 | D:8      | Found Buatin's Assorted Antiques.
  7560 | D:8      | Bought a glowing pink potion for 25 gold pieces
  7560 | D:8      | Bought a scroll labeled FUTORH XUCLUZ for 28 gold pieces
  7560 | D:8      | Bought a metallic grey potion for 25 gold pieces
  7560 | D:8      | Bought a scroll of blinking for 210 gold pieces
  7838 | D:8      | Reached skill level 1 in Invocations
  8011 | D:8      | Noticed Psyche
  8024 | D:8      | Killed Psyche
  8024 | D:8      | Reached XP level 10. HP: 68/68 MP: 10/13
  8057 | D:8      | Reached * piety under Cheibriados
  8178 | D:8      | Found a deep blue altar of Sif Muna.
  8453 | D:9      | Reached skill level 5 in Invocations
  8578 | D:9      | Found a burning altar of Makhleb.
  8586 | D:9      | Reached skill level 9 in Stealth
  9224 | D:9      | Found a sparkling altar of Nemelex Xobeh.
  9275 | D:9      | Found a staircase to the Orcish Mines.
  9319 | D:9      | Reached ** piety under Cheibriados
  9540 | D:10     | Entered Level 10 of the Dungeon
  9572 | D:10     | Reached skill level 1 in Spellcasting
  9630 | D:10     | Noticed a kobold demonologist
  9637 | D:10     | Noticed a soul eater
  9644 | D:11     | Reached skill level 10 in Stealth
  9851 | D:11     | Found Qytox's Magic Scroll Emporium.
  9858 | D:11     | Bought a scroll of identify for 28 gold pieces
  9858 | D:11     | Bought a scroll of identify for 28 gold pieces
  9858 | D:11     | Bought a scroll of identify for 28 gold pieces
  9858 | D:11     | Bought a scroll of teleportation for 42 gold pieces
 10544 | D:11     | Reached XP level 11. HP: 51/72 MP: 16/16
 10656 | D:11     | Reached *** piety under Cheibriados
 10775 | D:11     | Noticed a hill giant
 10897 | D:12     | Reached skill level 1 in Evocations
 11136 | D:12     | Noticed a cyan ugly thing
 11654 | D:10     | Reached **** piety under Cheibriados
 11840 | D:10     | Found a staircase to the Lair.
 12472 | D:10     | Reached ***** piety under Cheibriados
 12895 | D:10     | Noticed Sonja
 12904 | D:10     | Killed Sonja
 12904 | D:10     | Reached skill level 5 in Evocations
 13390 | Lair:1   | Entered Level 1 of the Lair of Beasts
 14043 | Lair:1   | Reached XP level 12. HP: 52/81 MP: 18/18
 14654 | Lair:1   | Reached skill level 11 in Stealth
 14903 | Lair:2   | Noticed a six-headed hydra
 14907 | Lair:2   | Killed a six-headed hydra
 15218 | Lair:2   | Noticed an eight-headed hydra
 15226 | Lair:2   | Slain by an eight-headed hydra

Vault maps used:
D:1:      eino_arrival_cavern_a
D:2:      ecumenical_altar_1
D:3:      grunt_temple_overflow_cloverleaf, gammafunk_temple_overflow_elements,
          first_bread
D:5:      overflow_temple_1_default, basic_altar
D:6:      lemuel_ratsnest, grunt_gozag_statues, uniq_menkaure
D:7:      corexii_shantytown, kennysheep_mini_moat, grunt_temple_overflow_open,
          minmay_temple_entry_enclosed_plants, uniq_pikel
D:8:      lemuel_blue_sif_altar, lemuel_crystal_altar, serial_shops, shop,
          uniq_joseph, uniq_psyche
D:9:      makhleb_blood_cavern_becter, nemelex_altar_shiori
D:10:     minmay_lair_entry_grove, serial_ice, serial_ice_m, serial_ice_f,
          serial_ice_e, serial_ice_d, serial_ice_j, serial_ice_o, serial_ice_g,
          serial_ice_n, serial_ice_c, serial_ice_a, uniq_sonja
D:11:     serial_shops, shop, blue_anna_alchemist
D:12:     kennysheep_generic_room_6
Temple:   nicolae_temple_hex_pool_5
Lair:1:   grunt_forest_large_clearing_hut
Lair:2:   grunt_megastairs_2

Skill      XL: |  1  2  3  4  5  6  7  8  9 10 11 12 |
---------------+-------------------------------------+-----
Short Blades   | 3 4 5 6 8 |  8.0
Fighting       | 3 4 5 6 7 8 |  8.0
Throwing       | 3 4 5 |  5.4
Stealth        | 7 8 10 11 | 11.0
Dodging        | 2 5 7 8 |  8.0
Hexes          | 1 4 |  4.2
Ice Magic      | 1 4 |  4.0
Invocations    | 4 7 8 9 |  9.6
Spellcasting   | 2 |  2.2
Evocations     | 5 6 |  6.1

Action                   |  1- 3 |  4- 6 |  7- 9 | 10-12 || total
-------------------------+-------+-------+-------+-------++-------
Melee: Dagger            |    58 |    45 |   281 |       ||   384
       Short sword       |       |       |     1 |   516 ||   517
 Fire: Blowgun           |     8 |    41 |    35 |    39 ||   123
Throw: Throwing net      |       |       |       |     1 ||     1
 Cast: Ensorcelled Hiber |       |       |     7 |    23 ||    30
Invok: Bend Time         |       |       |       |     1 ||     1
       Slouch            |       |       |       |     3 ||     3
Evoke: Wand              |       |       |     3 |     4 ||     7
  Use: Scroll            |    12 |     2 |    16 |    10 ||    40
       Potion            |       |     2 |     4 |     5 ||    11
 Stab: Sleeping          |    17 |       |    42 |    47 ||   106
       Distracted        |     1 |       |     1 |     6 ||     8
       Invisible         |       |       |       |     2 ||     2
  Eat: Chunk             |     1 |     2 |     7 |     3 ||    13
       Fruit             |     1 |     2 |     7 |     7 ||    17
       Royal jelly       |       |       |     1 |     1 ||     2
       Bread ration      |       |       |     1 |       ||     1
       Meat ration       |       |       |       |     2 ||     2
